Unix NetHack Version 5.0.0-0 post-release - last build May 23 2026 06:08:33 (1c0ff79ee797540d5714e4e18072db0edd9e58ae,branch:main).

Game began 2026-05-27 14:50:22, ended 2026-05-27 15:34:25.

CyberFan, lawful female dwarven Archeologist

                                ---------------      ----------
                                ............>.-######....@.(...
                                |.............|     #|...m....|
                                ------.--------    ##|........|
                                      ##             ----+-----
               #                        ##
          -----|-                        #
          |..<..-#                       #
          |.....|######                  #
          |....{|     ####          #    #
          |.....|  #########      --.----.----
          |......###       #######...........|
          -------                 |..........|
                                  |..........|
                                  ------------

CyberFan the Field Worker  St:11 Dx:13 Co:12 In:14 Wi:16 Ch:11  Lawful
Dlvl:5  $:544 HP:0(23) Pw:9(9) AC:9  Xp:3/78 T:1957 

Latest messages:
 The paper golem hits!
 You hit the paper golem.
 The paper golem hits!
 You hit the paper golem.
 You hit the paper golem.
 The paper golem turns to flee.
 You hit the paper golem.
 You destroy the paper golem!
 E - an unlabeled scroll.
 You descend the stairs.
 The giant ant bites!
 You hit the giant ant!
 The giant ant bites!
 The giant ant bites!
 You hit the giant ant.
 The giant ant bites!
 The giant ant bites!
 You climb up the stairs.
 You hear the splashing of a naiad.
 You hear a door open.
 You stop waiting.
 The bat bites!
 You kill the bat!
 You are in full health.
 You descend the stairs.
 The giant ant bites!
 The giant ant bites!
 You hit the giant ant!
 The giant ant bites!
 The giant ant bites!
 You hear someone cursing shoplifters.
 You hit the giant ant.
 The giant ant bites!
 The giant ant bites!
 You climb up the stairs.
 Where do you want to travel to?
 (For instructions type a '?')
 You see here a chest.
 In what direction?
 The chest is empty.
 That chest is a small mimic!
 You hit the small mimic!
 You hit the small mimic.
 You hit the small mimic.
 The small mimic hits!
 What do you want to zap? [t or ?*]
 In what direction?
 The small mimic seems to be moving slower.
 The small mimic hits!
 You die...

Inventory:
 Coins    ('$')
  $ - 544 gold pieces
 Amulets  ('"')
  A - an uncursed amulet of ESP
  y - an uncursed amulet of flying
 Weapons  (')')
  a - an uncursed +2 bullwhip
 Armor    ('[')
  c - an uncursed +0 fedora (being worn)
  s - an uncursed +0 T-shirt with text "Don't blame me, I voted for Izchak!" (being worn)
  b - an uncursed +0 leather jacket (being worn)
 Comestibles  ('%')
  d - 4 uncursed food rations
  v - an uncursed fortune cookie
  z - an uncursed tripe ration
 Scrolls  ('?')
  E - a blessed scroll of blank paper
  j - an uncursed scroll of charging
  i - a blessed scroll of enchant weapon
 Spellbooks  ('+')
  u - an uncursed spellbook of detect food
 Potions  ('!')
  w - an uncursed potion of oil
 Wands    ('/')
  t - an uncursed wand of slow monster (0:3)
 Tools    ('(')
  h - an empty uncursed sack
  e - an uncursed +0 pick-axe (weapon in right hand)
  f - an uncursed tinning kit (0:78)
 Gems/Stones  ('*')
  g - an uncursed touchstone

CyberFan the Archeologist's attributes:

Background:
 You were a Field Worker, a level 3 female dwarven Archeologist.
 You were lawful, nominally on a mission for Quetzalcoatl
 who was opposed by Camaxtli (neutral) and Huhetotl (chaotic).
 You were right-handed.
 You were in the Dungeons of Doom, on level 5.
 You entered the dungeon 1957 turns ago.
 You had 78 experience points, 2 more were needed to attain level 4.

Basics:
 You had 0 out of 23 hit points.
 You had all 9 energy points (spell power).
 Your armor class was 9.
 Your wallet contained 544 zorkmids.
 Autopickup was on for '$%?!"=/*' plus thrown, with exceptions.

Final Characteristics:
 Your strength was 11 (limit:18/100).
 Your dexterity was 13 (limit:20).
 Your constitution was 12 (limit:20).
 Your intelligence was 14 (limit:16).
 Your wisdom was 16 (limit:16).
 Your charisma was 11 (limit:16).

Final Status:
 You weren't hungry.
 You were unencumbered.
 You were wielding a pick-axe.
 You had basic skill with pick-axe.

Final Attributes:
 You were devoutly aligned.
 You had automatic searching.
 You had infravision.
 You were lucky.
 You are dead.

Miscellaneous:
 You disabled loading and storing of bones levels.
 Total elapsed playing time was 44 minutes and 2 seconds.

Major events:
 Turn
    1: CyberFan the lawful female dwarven Archeologist entered the dungeon
  737: entered the Gnomish Mines
 1262: attained the rank of Field Worker (level 3)
 1957: killed by a small mimic

You didn't know any spells.

Skills:
 Fighting Skills
   bare handed combat [Unskilled]
   two weapon combat  [Unskilled]
   riding             [Unskilled]
 Weapon Skills
   dagger             [Unskilled]
   knife              [Unskilled]
   pick-axe           [Basic]
   short sword        [Unskilled]
   saber              [Unskilled]
   club               [Unskilled]
   quarterstaff       [Unskilled]
   sling              [Unskilled]
   dart               [Unskilled]
   boomerang          [Unskilled]
   whip               [Basic]
   unicorn horn       [Unskilled]
 Spellcasting Skills
   attack spells      [Unskilled]
   healing spells     [Unskilled]
   divination spells  [Unskilled]
   matter spells      [Unskilled]

Voluntary challenges:
 Character rerolling was not enabled.
 You were an atheist.
 You never genocided any monsters.
 You never polymorphed an object.
 You never changed form.
 You used no wishes.
Achievements:
 You entered a shop.
 You entered the Gnomish Mines.
 You attained the rank of Field Worker.

 The Dungeons of Doom: levels 1 to 6
    Level 1:
    Level 2:
       A general store, a fountain.
       Stairs down to The Gnomish Mines.
    Level 3:
       Some fountains.
    Level 4:
       A fountain.
    Level 5: <- You were here.
       A fountain.
       Final resting place for
          you, killed by a small mimic.
    Level 6:
 The Gnomish Mines:
    Level 3:


Vanquished creatures:
  a shrieker
  a paper golem
  a kitten
  2 orc zombies
  a gas spore
  a brown mold
  a yellow mold
  a gnome
  2 geckos
  4 jackals
  a fox
  a kobold
  a sewer rat
  3 grid bugs
  a bat
  2 lichens
  a newt
25 creatures vanquished.

No species were genocided or became extinct.

Game over:
                       ----------
                      /          \
                     /    REST    \
                    /      IN      \
                   /     PEACE      \
                  /                  \
                  |     CyberFan     |
                  |      544 Au      |
                  |   killed by a    |
                  |   small mimic    |
                  |                  |
                  |                  |
                  |       2026       |
                 *|     *  *  *      | *
        _________)/\\_//(\/(/\)/\//\/|_)_______

Goodbye CyberFan the Archeologist...

You died in The Dungeons of Doom on dungeon level 5 with 1052 points,
and 544 pieces of gold, after 1957 moves.
You were level 3 with a maximum of 23 hit points when you died.

